 Dungeon Crawl Stone Soup version 0.29.1-13-g9f3cf754e1 (webtiles) character file.

Game seed: 1856150299068610359

4 croobank the Caller (level 1, -1/7 HPs)
             Began as a Felid Summoner on Jan 31, 2023.
             Slain by a hobgoblin (4 damage)
             ... on level 1 of the Dungeon.
             The game lasted 00:00:47 (161 turns).

croobank the Caller (Felid Summoner)                 Turns: 161, Time: 00:00:48

Health: -1/7       AC:  1    Str:  4    XL:     1   Next: 58%
Magic:  2/4        EV: 17    Int: 16    God:
Gold:   12         SH:  0    Dex: 16    Spells: 3/4 levels left
                                        Lives:  0   Deaths: 0

rFire   . . .      SeeInvis +   (weapon unavailable)
rCold   . . .      Faith    .   (shield unavailable)
rNeg    . . .      Spirit   .   (body armour unavailable)
rPois   .          Reflect  .   (helmet unavailable)
rElec   .          Harm     .   (cloak unavailable)
rCorr   .          Rampage  .   (gloves unavailable)
Will    .....                   (boots unavailable)
Stlth   ++........              (no amulet)
HPRegen 0.02/turn               (no ring)
MPRegen 0.09/turn               (no ring)

@: quick
A: very small, claws 1, fangs 3, see invisible, speed 1, shaggy fur 1, stealthy
paws, no weapons or thrown items, no armour, multi-lived
a: no special abilities


You were on level 1 of the Dungeon.
You visited 1 branch of the dungeon, and saw 1 of its levels.

You collected 12 gold pieces.

Inventory:

Scrolls
 b - a scroll of teleportation {unknown}
 c - a scroll of magic mapping {unknown}
Potions
 a - a potion of magic


   Skills:
 + Level 2.8 Dodging
 + Level 2.9 Stealth
 + Level 2.1 Spellcasting
 + Level 4.0 Summonings


You had 3 spell levels left.
You knew the following spells:

 Your Spells              Type           Power      Damage    Failure   Level
a - Summon Small Mammal   Summ           56%        N/A       3%          1

Your spell library contained the following spells:

 Spells                   Type           Power      Damage    Failure   Level
 Call Imp                 Summ           14%        N/A       6%          2
 Call Canine Familiar     Summ           14%        N/A       12%         3
 Summon Guardian Golem    Hex/Summ       8%         N/A       26%         3
 Summon Lightning Spire   Summ/Air       8%         N/A       65%         4


Dungeon Overview and Level Annotations

Branches:
Dungeon (1/15)

Altars:


Innate Abilities, Weirdness & Mutations

You have sharp claws.
You have razor-sharp teeth.
You have supernaturally acute eyesight. (SInv)
You cover ground quickly. (Speed+)
You are covered in fur. (AC +1)
Your paws help you pounce on unaware monsters.
You are incapable of wielding weapons or throwing items.
You cannot wear armour.
You gain extra lives every three experience levels.


Message History

The endoplasm quivers.
You barely miss the hobgoblin. The hobgoblin misses you.
The goblin barely misses you.
Casting: Summon Small Mammal (safe; 3% risk of failure)
Confirm with . or Enter, or press ? or * to list all spells.
The hobgoblin hits you but does no damage.
The goblin completely misses you.
Casting: Summon Small Mammal (safe; 3% risk of failure)
Confirm with . or Enter, or press ? or * to list all spells.
Your bat barely misses the goblin.
The hobgoblin hits you. The goblin closely misses you.
You swap places.
The goblin closely misses your rat.
Your rat barely misses the hobgoblin.
The goblin hits your rat with a +0 dagger.
Your rat dies!
Your rat's corpse disappears in a puff of smoke!
The hobgoblin misses you.
Casting: Summon Small Mammal (safe; 3% risk of failure)
Confirm with . or Enter, or press ? or * to list all spells.
You scratch the goblin but do no damage.
Your bat hits the goblin. x2; The hobgoblin hits you.
The goblin closely misses you.
Your bat hits the goblin. You barely miss the hobgoblin.
Your bat closely misses the goblin.
Your rat bites the hobgoblin but does no damage.
The hobgoblin hits your rat.
Your rat dies!
Your rat's corpse disappears in a puff of smoke!
Your bat barely misses the hobgoblin.
Something barely misses your bat.
You barely miss the hobgoblin. Your bat hits the goblin.
Your bat closely misses the hobgoblin.
The hobgoblin barely misses you.
Your bat hits the hobgoblin but does no damage.
Something closely misses your bat.
You scratch the hobgoblin.
The hobgoblin is severely wounded.
Your bat hits the goblin.
The goblin dies!
The hobgoblin hits you.
Ouch! That really hurt!
You die...

#....#.....#####
#.##)##.>.## #.
#.######
#.##.####
#.#.....#
#.#^#.#.#
.#####.#.#.# $.
.......#.#.# ##
#b)g@# #..###
#..# #...J...#
#.##.##.# #.#
... #.# ### #.#
#.


You could see a hobgoblin (ally target) and a friendly bat (summoned).

Vanquished Creatures
  2 kobolds (D:1)
2 creatures vanquished.

Vanquished Creatures (collateral kills)
  A dart slug (D:1)
  A goblin (D:1)
2 creatures vanquished.

Grand Total: 4 creatures vanquished

Notes
Turn   | Place    | Note
-------+----------+-------------------------------------------
     0 | D:1      | croobank the Felid Summoner began the quest for the Orb.
     0 | D:1      | Reached XP level 1. HP: 7/7 MP: 4/4
   161 | D:1      | Slain by a hobgoblin

Illustrated notes

Levels and vault maps discovered:
D:1:      reono_arrival_mine, layout_basic

Action                   || total
-------------------------++-------
Melee: Unarmed           ||     8
 Cast: Summon Small Mamm ||     7
 Stab: Sleeping          ||     1
Armor: Skin              ||     1
Dodge: Dodged            ||     8
